cohdb
Replays
Latest Replays
All Replays
Popular Replays
Top Player Replays
Match Explorer
How It Works
Community
CoH3 Stats
Reddit
Sign in to upload your games and track your stats! →
Sign in with Steam
Match 43629717
Unlisted
Match 43629717
Overview
Messages
Build Orders
End
Panzergrenadier Squad
Selects Panzerjäger Kommand Battlegroup
Selects Mine Fields
Kradschützen Motorcycle Team
Panzergrenadier Squad
Construct Light Support Kompanie
2.5-tonne Medical Truck
Panzerjäger Squad
Selects Tank Busters
Panzergrenadier Squad
Fire Support Elements
Panzerjäger Mechanized Group
Selects Defensive Positions
Flakvierling Half-track
Veteran Squad Leaders
Selects Butterfly Bomb Drop
Selects Crew Shock Tactics
Construct Panzerarmee Kommand
Panzergrenadier Squad
Assault Mechanized Group
Medryn
Itaca
woof_raff
RapidAssSaltwaterGrass
0
0
Comments
sign in to comment!
No comments posted yet!